[Event "Prague Festival Futures 2024"]
[Site "Prague"]
[Date "2024.03.06"]
[Round "8.5"]
[White "Peglau, Paul David"]
[Black "Stara, Zuzana"]
[Result "1/2-1/2"]
[ECO "D38"]
[WhiteElo "1764"]
[BlackElo "1674"]
[Annotator "NA RC"]
[PlyCount "63"]
[EventDate "2024.02.22"]
[EventType "tourn"]
[EventCountry "CZE"]
[SourceTitle "playchess.com"]
[Source "ChessBase"]
[SourceQuality "1"]
[TimeControl "40/5400+30:1800+30"]

1. d4 d5 2. c4 e6 3. Nc3 Nf6 4. Nf3 Bb4 5. Bg5 h6 6. Bxf6 Qxf6 7. e3 O-O 8. Qb3 Bxc3+ 9. bxc3 c6 10. cxd5 exd5 11. c4 dxc4 12. Bxc4 Nd7 13. O-O b6 14. Rfd1 Bb7 15. a4 Rad8 16. Be2 Rfe8 17. a5 b5 18. a6 Bc8 19. Rdc1 Nb8 20. Ne5 Be6 21. Qc2 Bd5 22. e4 Be6 23. Nxc6 Nxc6 24. Qxc6 Qxd4 25. Bxb5 Bd7 26. Qc5 Bxb5 27. Qxb5 Rxe4 28. g3 Re5 29. Qb7 Re2 30. Qf3 Rde8 31. Kg2 Qb2 32. Rab1 1/2-1/2

[Event "Prague Festival Futures 2024"]
[Site "Prague"]
[Date "2024.03.07"]
[Round "9.1"]
[White "Stara, Zuzana"]
[Black "Andre, Tomas"]
[Result "1/2-1/2"]
[ECO "B02"]
[WhiteElo "1674"]
[BlackElo "1829"]
[Annotator "NA RC"]
[PlyCount "60"]
[EventDate "2024.02.22"]
[EventType "tourn"]
[EventCountry "CZE"]
[SourceTitle "playchess.com"]
[Source "ChessBase"]
[SourceQuality "1"]
[TimeControl "40/5400+30:1800+30"]

1. e4 Nf6 2. Nc3 d5 3. exd5 Nxd5 4. d4 Nxc3 5. bxc3 g6 6. Nf3 Bg7 7. Bc4 O-O 8. O-O c5 9. Be3 Qa5 10. Qd2 Nc6 11. Bh6 Bg4 12. Bxg7 Kxg7 13. Ne5 Nxe5 14. dxe5 Bf5 15. Rac1 Rad8 16. Qe3 a6 17. f4 Qa4 18. Bd3 Bxd3 19. cxd3 e6 20. Rf3 Qa3 21. Qd2 Rd7 22. Rh3 h5 23. f5 exf5 24. Rxh5 gxh5 25. Qg5+ Kh8 26. Qxh5+ Kg7 27. Qg5+ Kh8 28. Qh5+ Kg7 29. Qg5+ Kh8 30. Qh5+ Kg7 1/2-1/2

[Event "Prague Festival Futures 2024"]
[Site "Prague"]
[Date "2024.03.07"]
[Round "9.2"]
[White "Mrozowski, Nikodem"]
[Black "Jakubse, Tamae Severina"]
[Result "1-0"]
[ECO "D80"]
[WhiteElo "1527"]
[BlackElo "1735"]
[Annotator "NA RC"]
[PlyCount "53"]
[EventDate "2024.02.22"]
[EventType "tourn"]
[EventCountry "CZE"]
[SourceTitle "playchess.com"]
[Source "ChessBase"]
[SourceQuality "1"]
[TimeControl "40/5400+30:1800+30"]

1. d4 Nf6 2. c4 g6 3. Nc3 d5 4. h4 h5 5. Bg5 Bg7 6. Bxf6 Bxf6 7. Nxd5 Bg7 8. e3 c6 9. Nc3 c5 10. d5 O-O 11. Rc1 Qa5 12. a3 e6 13. Qd2 Na6 14. Be2 exd5 15. cxd5 b6 16. Nf3 Bb7 17. O-O Rad8 18. e4 Rfe8 19. Qf4 Nb8 20. Ng5 Rf8 21. Bxh5 Ba6 22. Rfe1 Nd7 23. Be2 c4 24. h5 Ne5 25. h6 Nd3 26. Bxd3 Bxh6 27. Be2 1-0

[Event "Prague Festival Futures 2024"]
[Site "Prague"]
[Date "2024.03.07"]
[Round "9.3"]
[White "Aansh Nandan Nerurkar"]
[Black "Siskou, Evangelia"]
[Result "1-0"]
[ECO "B52"]
[WhiteElo "1891"]
[BlackElo "1680"]
[Annotator "NA RC"]
[PlyCount "101"]
[EventDate "2024.02.22"]
[EventType "tourn"]
[EventCountry "CZE"]
[SourceTitle "playchess.com"]
[Source "ChessBase"]
[SourceQuality "1"]
[TimeControl "40/5400+30:1800+30"]

1. e4 c5 2. Nf3 d6 3. Bb5+ Bd7 4. Bxd7+ Qxd7 5. c4 Nf6 6. Nc3 g6 7. d4 cxd4 8. Nxd4 Bg7 9. f3 Nc6 10. Be3 O-O 11. O-O e6 12. Qd2 d5 13. cxd5 exd5 14. Nxc6 bxc6 15. e5 Ne8 16. Bc5 Bxe5 17. Bxf8 Kxf8 18. Rac1 Nd6 19. Na4 Rc8 20. Rfe1 Qf5 21. Nc5 Kg8 22. Qf2 Nb5 23. Nb3 Qf6 24. Re2 Bc7 25. Kh1 Bb6 26. Qe1 Kg7 27. Rec2 Nd4 28. Nxd4 Bxd4 29. b4 Rc7 30. Re2 Rb7 31. Re8 Bb2 32. Rc2 Ba3 33. Qc3 Qxc3 34. Rxc3 Rxb4 35. Re1 Bb2 36. Rxc6 Ra4 37. Rc2 Bf6 38. Rd1 d4 39. Rd3 Rb4 40. g3 a5 41. Kg2 Bd8 42. Rb3 Ra4 43. Kf2 Be7 44. Ke2 Bb4 45. Kd3 Bc3 46. Re2 h5 47. a3 Kf6 48. Re8 Kf5 49. h4 Ba1 50. Ra8 Bc3 51. Ra6 1-0

[Event "Prague Festival Futures 2024"]
[Site "Prague"]
[Date "2024.03.07"]
[Round "9.4"]
[White "Brzezina, Pawel"]
[Black "Peglau, Paul David"]
[Result "1/2-1/2"]
[ECO "B13"]
[WhiteElo "1834"]
[BlackElo "1764"]
[Annotator "NA RC"]
[PlyCount "60"]
[EventDate "2024.02.22"]
[EventType "tourn"]
[EventCountry "CZE"]
[SourceTitle "playchess.com"]
[Source "ChessBase"]
[SourceQuality "1"]
[TimeControl "40/5400+30:1800+30"]

1. e4 c6 2. d4 d5 3. exd5 cxd5 4. Bd3 Nc6 5. c3 Nf6 6. h3 g6 7. Nf3 Bf5 8. O-O Bxd3 9. Qxd3 Bg7 10. Bf4 O-O 11. Nbd2 e6 12. Rfe1 Qe7 13. Bh2 Rfc8 14. a4 Na5 15. Ne5 Nd7 16. f4 Nxe5 17. fxe5 Bh6 18. Rf1 Bxd2 19. Qxd2 Nb3 20. Qf2 Nxa1 21. Rxa1 Rab8 22. Bf4 h5 23. h4 Rc7 24. Bg5 Qf8 25. Qf4 b5 26. Bh6 Qe7 27. Bg5 Qf8 28. Bh6 Qe7 29. Bg5 Qf8 30. Bh6 Qe7 1/2-1/2

[Event "Prague Festival Futures 2024"]
[Site "Prague"]
[Date "2024.03.07"]
[Round "9.5"]
[White "Guntaka, Aayansh R"]
[Black "Markina, Sofiia"]
[Result "0-1"]
[ECO "B11"]
[WhiteElo "1651"]
[BlackElo "1680"]
[Annotator "NA RC"]
[PlyCount "136"]
[EventDate "2024.02.22"]
[EventType "tourn"]
[EventCountry "CZE"]
[SourceTitle "playchess.com"]
[Source "ChessBase"]
[SourceQuality "1"]
[TimeControl "40/5400+30:1800+30"]

1. e4 c6 2. Nc3 d5 3. Nf3 Bg4 4. h3 Bxf3 5. Qxf3 e6 6. d3 Bc5 7. Be2 Ne7 8. Bd2 O-O 9. exd5 exd5 10. O-O Ng6 11. a4 a5 12. Na2 Nd7 13. c3 Nf6 14. Bg5 Be7 15. Bxf6 Bxf6 16. Rab1 Re8 17. Rfe1 Ne5 18. Qf4 Bg5 19. Qh2 Bd2 20. Red1 Qg5 21. d4 Ng6 22. Bf1 Nh4 23. Kh1 Re6 24. g3 Nf3 25. Qg2 Qf5 26. h4 g5 27. g4 Qe4 28. h5 f5 29. Qg3 Rae8 30. Bg2 fxg4 31. Bxf3 gxf3 32. b4 Rh6 33. Qh3 g4 34. Rg1 Rg6 35. Qh4 Rg5 36. Rb2 g3 37. fxg3 f2+ 38. Qxe4 fxg1=Q+ 39. Kxg1 dxe4 40. Rxd2 axb4 41. cxb4 Rxg3+ 42. Kh2 Ra3 43. Nc1 Rxa4 44. Rb2 e3 45. Ne2 Rea8 46. Rb3 Ra3 47. Rb1 Ra2 48. Re1 R8a4 49. Kg3 Rxb4 50. Kf3 Ra3 51. Ke4 c5 52. Ke5 cxd4 53. Nf4 d3 54. Ne6 Kf7 55. Kd6 Rb6+ 56. Kd7 Rxe6 57. Rf1+ Rf6 58. Rxf6+ Kxf6 59. Kc8 d2 60. Kb8 d1=Q 61. Kc7 Rc3+ 62. Kb8 Qd8+ 63. Ka7 Ra3+ 64. Kxb7 Qd5+ 65. Kc7 Rc3+ 66. Kb6 Qc5+ 67. Ka6 Rb3 68. h6 Qb6# 0-1